 Dungeon Crawl Stone Soup version 0.19.1 (webtiles) character file.

95154 RaHiT the Fighter (level 15, -11/126 HPs)
             Began as a Mummy Artificer on Nov 29, 2016.
             Was an Initiate of Gozag.
             Mangled by an ettin
             ... wielding a +0 dire flail
              (29 damage)
             ... on level 14 of the Dungeon.
             The game lasted 04:13:57 (32904 turns).

RaHiT the Fighter (Mummy Artificer)                Turns: 32904, Time: 04:13:59

Health: -11/126    AC: 26    Str: 28    XL:     15   Next: 65%
Magic:  23/23      EV: 22    Int: 17    God:    Gozag
Gold:   2544       SH:  0    Dex: 19    Spells: 1 memorised, 11 levels left

rFire  . . .     SeeInvis .     d - +9 halberd of Keqod {protect, rF+ Int+2}
rCold  + + .     Gourm    .     M - +1 scale mail "Naimuot" {+Fly rC+ rCorr Int+4}
rNeg   + + +     Faith    .     (shield currently unavailable)
rPois  ∞         Spirit   .     P - +2 hat
rElec  +         Reflect  .     R - +1 cloak {MR+}
rCorr  +         Harm     .     j - +2 pair of gloves
MR     ++++.                    C - +0 pair of boots of Ylist {rElec rPois MR++ Str-2}
Stlth  ++........               Y - amulet of regeneration
                                L - +5 ring of strength
                                W - +5 ring of evasion

@: mighty, agile, gold aura, protection aura, flying, very slightly
contaminated, hasted, very quick
A: no food or potions, fire vulnerability, cold resistance 1, negative energy
resistance 3, torment resistance, unbreathing, in touch with death 1
a: Potion Petition, Call Merchant, Bribe Branch, Renounce Religion


You were on level 14 of the Dungeon.
You worshipped Gozag.
Gozag was most pleased with you.
You were not hungry.

You visited 4 branches of the dungeon, and saw 23 of its levels.
You also visited: Ossuary.

You collected 9271 gold pieces.
You spent 1445 gold pieces at shops.
You paid 5282 gold pieces to Gozag.

Inventory:

Hand Weapons
 d - the +9 halberd of Keqod (weapon) {protect, rF+ Int+2}
   (You bought it in a shop on level 1 of the Lair of Beasts)

   It protects the one who uses it against injury (+AC on strike).
   It affects your intelligence (+2).
   It protects you from fire.
 f - the +4 short sword "Sawn" {venom, rC+, unknown}
   (You found it on level 12 of the Dungeon)

   It poisons the flesh of those it strikes.
   It protects you from cold.
Missiles
 l - 2 curare-tipped needles
Armour
 g - a +3 chain mail
 j - a +2 pair of gloves (worn)
 C - the +0 pair of boots of Ylist (worn) {rElec rPois MR++ Str-2}
   (You found it on level 6 of the Dungeon)

   It affects your strength (-2).
   It insulates you from electricity.
   It protects you from poison.
   It affects your resistance to hostile enchantments.
 M - the +1 scale mail "Naimuot" (worn) {+Fly rC+ rCorr Int+4}
   (You found it on level 7 of the Dungeon)

   It affects your intelligence (+4).
   It protects you from cold.
   It lets you fly.
   It protects you from acid and corrosion.
 P - a +2 hat (worn)
 R - a +1 cloak of magic resistance (worn)
Jewellery
 p - an uncursed ring of ice
 q - an uncursed ring of fire
 v - an uncursed ring of see invisible
 L - a +5 ring of strength (right hand)
 N - the ring of the Mage {Wiz MR++ Int+3}
   (You found it on level 7 of the Dungeon)

   [ring of wizardry]

   It improves your spell success rate.
   It affects your intelligence (+3).
   It affects your resistance to hostile enchantments.
 W - a +5 ring of evasion (left hand)
 Y - an amulet of regeneration (around neck)
Wands
 c - a wand of flame (19/48)
 e - a wand of flame (33/48)
 h - a wand of slowing (13/48)
 s - a wand of random effects (10/48)
 t - a wand of iceblast (2/15)
 u - a wand of enslavement (9/24)
 y - a wand of lightning (4/15)
 B - a wand of acid (3/15)
 F - a wand of polymorph (14/24)
 H - a wand of slowing (19/48)
 I - a wand of iceblast (9/15)
 J - a wand of polymorph (1/24)
 K - a wand of disintegration (11/24)
 T - a wand of iceblast (6/15)
Scrolls
 a - 6 scrolls of fog
 b - 8 scrolls of recharging
 i - 2 scrolls of vulnerability
 k - 2 scrolls of enchant armour
 m - 10 scrolls of remove curse
 n - 3 scrolls of blinking
 o - 4 scrolls of teleportation
 r - 5 scrolls of enchant weapon
 w - 2 scrolls of identify
 x - 2 scrolls of amnesia
 A - 3 scrolls of fear
 E - 3 scrolls of immolation
 G - 5 scrolls of magic mapping
 O - 2 scrolls of random uselessness {unknown}
 V - 3 scrolls of summoning
 X - 2 scrolls of torment
Miscellaneous
 S - a lamp of fire (inert)


   Skills:
 - Level 14.0 Fighting
 - Level 0.7 Short Blades
 + Level 12.1 Polearms
 - Level 11.0 Armour
 - Level 2.1 Dodging
 - Level 0.7 Stealth
 - Level 8.0 Hexes
 - Level 11.0 Evocations


You had 11 spell levels left.
You knew the following spells:

 Your Spells              Type           Power        Failure   Level  Hunger
a - Confuse               Hex            ####....     6%          3    N/A

Dungeon Overview and Level Annotations

Branches:
Dungeon (14/15)            Temple (1/1) D:5            Lair (6/6) D:11
  Swamp (0/4) Lair:2        Snake (0/4) Lair:3        Slime (0/5) Lair:5
    Orc (2/2) D:9             Elf (0/3) Orc:2        Vaults (0/5) D:14

Altars:
Ashenzari
Cheibriados
Dithmenos
Elyvilon
Fedhas
Gozag
Hepliaklqana
Kikubaaqudgha
Makhleb
Nemelex Xobeh
Okawaru
Qazlal
Ru
Sif Muna
Trog
Uskayaw
Vehumet
Xom
Yredelemnul
Zin
The Shining One
Beogh
Jiyva

Shops:
D:7 [   D:8 [   D:10 *   D:11 *   D:13 %   Orc:1 }   Orc:2 :?**   Lair:1 (=


Innate Abilities, Weirdness & Mutations

You do not eat or drink.
Your flesh is vulnerable to fire.
You are immune to poison.
Your flesh is cold resistant. (rC+)
You are immune to negative energy. (rN+++)
You are immune to unholy pain and torment.
You can survive without breathing.
You are in touch with the powers of death.


Message History

The storm dragon is almost dead.
You closely miss the storm dragon.
The storm dragon is almost dead.
The storm dragon bites you but does no damage.
The storm dragon completely misses you.
The storm dragon tramples you but does no damage.
You slice the storm dragon!!
You kill the storm dragon!
You slash the ettin!
The ettin is moderately wounded.
You slash the ettin!
The ettin is moderately wounded.
The ettin hits you but does no damage. The ettin hits you with a dire flail!
You carve the ettin like a ham!!!
The ettin is almost dead.
The ettin hits you with a dire flail!!
* * * LOW HITPOINT WARNING * * *
The ettin hits you with a dire flail!!
You die...
Your body crumbles into a pile of gold.

#?#%###.#####.........#..#
#.#..'..#...#.###.###.#..# #
#.#.##..'C..#.#...#.#.#..# ##
#.#..'..#...#.###.#.#.#..# ###.
#.#.#####.......).....#..###...
#.#..'..#...#.#.#.###)#........
#.#.##..'...#o#[#..%#.#........
#.#..'.D#...#C###.###.#..###...
#.#.###.#####.@.......#.## #...
#.#####.# #####.#####.## ##..
#.#:.##.# ##..#....##..###... #
#.#.D#$#.# #.#.###.#.#........
# #.###o#.#.#
#..#...#..#........ #
#.##.#C#.#.##.#.....###.######.
###.#.#
#D#$#.#.#..#..#.#.#####..
.##.## #.#.####.....#.#........
.##.# #.###.(#...#..#........


You could see an orc knight and an ettin.

Vanquished Creatures
  Gastronok (D:8)
  2 storm dragons (D:14)
  Louise (D:14)
  A stone giant (Orc:1)
  A vampire knight (D:14)
  A spark wasp (Lair:4)
  Snorg (Orc:1)
  A fire dragon (D:14)
  Erolcha (D:12)
  7 hydras
  4 centaur warriors
  3 death yaks (Lair:6)
  An orc high priest (Orc:2)
  Sonja (Lair:2)
  Nergalle (Lair:4)
  A skeletal warrior (D:14)
  A fire crab (Lair:6)
  2 wizards (D:11)
  3 unseen horrors
  7 hill giants
  A lindwurm (Lair:6)
  2 deep elf magi (D:11)
  A deep elf archer (D:14)
  5 elephants
  A phantasmal warrior (D:14)
  An orc knight (Orc:1)
  6 ugly things (D:14)
  6 orc sorcerers
  2 cyclopes
  2 manticores
  Joseph (D:10)
  5 black mambas
  An ice statue (D:10)
  2 gargoyles
  2 torpor snails
  A yaktaur (D:14)
  12 spiny frogs
  The ghost of Tyryt0 the Sneak, a novice OpMo (D:4)
  A kobold demonologist (D:14)
  6 komodo dragons
  3 rime drakes
  A tengu conjurer (D:14)
  4 ice devils (D:10)
  4 trolls
  A two-headed ogre (shapeshifter) (D:14)
  Grinder (D:4)
  Prince Ribbit (D:8)
  5 polar bears
  2 hornets
  2 two-headed ogres
  2 tyrant leeches (Lair:6)
  8 dream sheep
  5 slime creatures
  12 hippogriffs
  17 blink frogs
  7 spriggans (Lair:1)
  A vampire (D:13)
  4 wyverns
  A fire elemental (D:11)
  A human (D:7)
  41 yaks
  Grum (D:10)
  4 basilisks
  A hungry ghost (D:13)
  3 hogs (D:7)
  2 mottled dragons
  3 nagas (Lair:3)
  A swamp worm (Lair:6)
  3 insubstantial wisps (Lair:2)
  4 wargs
  19 water moccasins
  9 porcupines
  19 orc warriors
  6 ice beasts
  A sky beast (D:7)
  8 black bears
  7 necrophages
  26 wolves
  A hornet zombie (D:14)
  16 ogres
  15 centaurs
  8 big kobolds
  19 bullfrogs
  22 crocodiles
  A gnoll sergeant (D:10)
  An earth elemental (D:11)
  2 wyvern zombies
  6 water moccasin zombies (Ossuary)
  5 scorpions
  A wyvern skeleton (D:14)
  15 killer bees
  17 wights
  3 howler monkeys
  2 electric eels (Lair:3)
  5 crimson imps
  4 centaur zombies
  2 quasits
  4 hounds
  20 orc priests
  3 jellies
  A bullfrog zombie (D:6)
  8 centaur skeletons
  2 bullfrog skeletons (D:13)
  6 iguanas
  32 orc wizards
  6 worker ants
  A killer bee zombie (D:6)
  5 big kobold zombies (Ossuary)
  A hound zombie (D:7)
  3 hound skeletons
  3 mummies
  A howler monkey zombie (D:10)
  3 worker ant zombies
  10 gnolls
  13 adders
  A river rat (Lair:6)
  3 shadow imps
  8 ufetubi (D:10)
  An ooze (D:2)
  An adder skeleton (D:5)
  4 adder zombies
  2 worms
  A dart slug (D:1)
  4 leopard geckos
  54 orcs
  3 giant cockroaches
  A gnoll zombie (Ossuary)
  9 hobgoblins
  12 jackals
  5 quokkas
  A ball python (D:7)
  17 bats
  6 frilled lizards
  7 goblins
  A goblin zombie (D:8)
  2 hobgoblin zombies (Ossuary)
  30 kobolds
  4 kobold zombies
  6 orc zombies (Ossuary)
  A quokka skeleton (D:7)
  A quokka zombie (D:8)
  19 rats
  A bush (D:8)
  A fungus (Lair:5)
  2 plants
815 creatures vanquished.

Vanquished Creatures (collateral kills)
  An ogre mage (D:14)
  A deep elf mage (D:11)
  3 elephants (Lair:5)
  A centaur skeleton (D:14)
  A yaktaur (D:14)
  A killer bee (D:11)
  An orc warrior (D:14)
  A centaur (D:14)
  An orc priest (D:14)
  An orc (D:14)
12 creatures vanquished.

Vanquished Creatures (others)
  A hydra (Lair:5)
  A torpor snail (Lair:6)
  A black mamba (Lair:6)
  A rime drake (Lair:6)
  A komodo dragon (Lair:6)
  A wyvern (Lair:6)
  An orc warrior (Orc:1)
  An eye of draining (D:14)
  3 killer bees
  14 fungi
  15 plants
40 creatures vanquished.

Grand Total: 867 creatures vanquished

Notes
Turn   | Place    | Note
-------+----------+-------------------------------------------
     0 | D:1      | RaHiT the Mummy Artificer began the quest for the Orb.
     0 | D:1      | Reached XP level 1. HP: 15/15 MP: 2/2
   381 | D:1      | You fall through a shaft!
   383 | D:2      | Reached skill level 2 in Fighting
   406 | D:2      | Reached XP level 2. HP: 8/22 MP: 3/3
  1552 | D:1      | Reached skill level 3 in Fighting
  1572 | D:1      | Reached XP level 3. HP: 26/29 MP: 4/4
  1851 | D:2      | Reached skill level 1 in Polearms
  2444 | D:3      | Reached XP level 4. HP: 31/35 MP: 5/5
  2822 | D:4      | Noticed Grinder
  2999 | D:4      | Noticed Tyryt0's ghost (novice OpMo)
  3036 | D:4      | Killed Tyryt0's ghost
  3036 | D:4      | Reached XP level 5. HP: 28/41 MP: 6/6
  3036 | D:4      | Reached XP level 6. HP: 32/47 MP: 7/7
  3114 | D:4      | Killed Grinder
  3114 | D:4      | Reached skill level 5 in Polearms
  3114 | D:4      | Reached XP level 7. HP: 42/52 MP: 8/8
  3136 | D:4      | Reached skill level 1 in Armour
  3878 | D:5      | Entered Level 5 of the Dungeon
  3949 | D:5      | Found a staircase to the Ecumenical Temple.
  3984 | Temple   | Entered the Ecumenical Temple
  4064 | Temple   | Became a worshipper of Gozag Ym Sagoz the Greedy
  4411 | D:5      | Noticed a two-headed ogre
  4421 | D:5      | Killed a two-headed ogre
  4421 | D:5      | Reached XP level 8. HP: 31/58 MP: 10/10
  4839 | D:5      | Reached skill level 4 in Fighting
  5173 | D:5      | Reached skill level 5 in Fighting
  5700 | D:6      | Reached skill level 6 in Fighting
  6027 | D:6      | Reached skill level 7 in Fighting
  6276 | D:6      | Reached XP level 9. HP: 69/72 MP: 11/11
  6343 | D:6      | Got a pair of twisted boots
  6344 | D:6      | Identified the +0 pair of boots of Ylist {rElec rPois MR++ Str-2} (You found it on level 6 of the Dungeon)
  6583 | D:6      | Reached skill level 8 in Fighting
  7095 | D:7      | Found a large runed door.
  7095 | D:7      | Found a large runed door.
  8038 | D:7      | Found a large runed door.
  8038 | D:7      | Found a large runed door.
  8243 | D:7      | Reached skill level 5 in Armour
  8380 | D:7      | Found Afuasser's Antique Armour Shop.
  8508 | D:7      | Noticed a cyclops
  8531 | D:7      | Killed a cyclops
  8806 | D:7      | Reached XP level 10. HP: 78/80 MP: 13/13
  8821 | D:7      | Got a bloodstained scale mail
  8849 | D:7      | Identified the cursed +1 scale mail "Naimuot" {+Fly rC+ rCorr Int+4} (You found it on level 7 of the Dungeon)
  8992 | D:8      | Found a sand-covered staircase.
  9013 | Ossuary  | Entered an ossuary
  9494 | D:8      | Found Rukes's Armour Shop.
  9584 | D:8      | Found a blossoming altar of Fedhas.
  9907 | D:8      | Got a slimy leather armour
  9908 | D:8      | Identified the cursed +0 leather armour of Protective Custody {rElec} (You found it on level 8 of the Dungeon)
  9983 | D:8      | Noticed Gastronok
 10047 | D:8      | Noticed Prince Ribbit
 10070 | D:8      | Killed Prince Ribbit
 10238 | D:8      | Learned a level 3 spell: Confuse
 10377 | D:8      | Killed Gastronok
 10428 | D:8      | Noticed an unseen horror
 10446 | D:8      | Killed an unseen horror
 10690 | D:8      | Reached XP level 11. HP: 86/86 MP: 14/14
 11615 | D:9      | Reached skill level 10 in Armour
 11658 | D:9      | Identified a scroll of acquirement
 11920 | D:9      | Found a staircase to the Orcish Mines.
 12124 | Orc:1    | Entered Level 1 of the Orcish Mines
 12132 | Orc:1    | Reached skill level 1 in Hexes
 12436 | Orc:1    | Found Kyruux's Quality Used Wands.
 12499 | Orc:1    | Noticed an orc knight
 13158 | Orc:1    | Killed an orc knight
 13926 | Orc:2    | Entered Level 2 of the Orcish Mines
 13926 | Orc:2    | Found a staircase to the Elven Halls.
 14054 | Orc:2    | Found a roughly hewn altar of Beogh.
 14247 | Orc:2    | Noticed an orc sorcerer
 14266 | Orc:2    | Killed an orc sorcerer
 14605 | Orc:2    | Noticed an orc sorcerer
 14618 | Orc:2    | Noticed an orc high priest
 14638 | Orc:1    | Killed an orc sorcerer
 14778 | Orc:2    | Noticed Snorg
 15372 | Orc:1    | Killed Snorg
 15372 | Orc:1    | Reached skill level 9 in Fighting
 15505 | Orc:2    | Noticed an orc sorcerer
 15515 | Orc:2    | Killed an orc sorcerer
 15616 | Orc:1    | Noticed an orc sorcerer
 15616 | Orc:1    | Noticed a stone giant
 15712 | Orc:2    | Noticed an orc sorcerer
 15718 | Orc:2    | Killed an orc sorcerer
 16047 | Orc:2    | Reached skill level 10 in Fighting
 16520 | Orc:2    | Killed an orc high priest
 16550 | Orc:2    | Noticed an orc sorcerer
 16552 | Orc:2    | Reached XP level 12. HP: 75/97 MP: 15/15
 16721 | Orc:2    | Found Pijexed's Assorted Antiques.
 16721 | Orc:2    | Found Hexitwau's Assorted Antiques.
 16721 | Orc:2    | Found Emaberrako's Magic Scroll Emporium.
 16745 | Orc:2    | Found Porutzi's Book Emporium.
 16759 | Orc:2    | Bought a ruby ring for 130 gold pieces
 16759 | Orc:2    | Bought a thick soapstone amulet for 130 gold pieces
 16783 | Orc:2    | Bought a scroll of identify for 22 gold pieces
 16783 | Orc:2    | Bought a scroll of blinking for 82 gold pieces
 16783 | Orc:2    | Bought 3 scrolls of summoning for 313 gold pieces
 16783 | Orc:2    | Bought a scroll of brand weapon for 220 gold pieces
 16783 | Orc:2    | Bought 2 scrolls of identify for 44 gold pieces
 16875 | Orc:2    | Reached skill level 5 in Hexes
 17164 | Orc:1    | Killed a stone giant
 17748 | D:10     | Entered Level 10 of the Dungeon
 18054 | D:10     | Noticed Joseph
 18075 | D:10     | Killed Joseph
 18132 | D:10     | Noticed Grum
 18143 | D:10     | Killed Grum
 18187 | D:10     | Found Rohuvaox's General Store.
 18676 | D:10     | Reached skill level 10 in Polearms
 18897 | D:11     | Found Vehy's Pet Rocks.
 19520 | D:11     | Found a staircase to the Lair.
 19719 | D:11     | Reached skill level 11 in Fighting
 20090 | D:11     | Identified the Tome of Fiery Toxins
 20213 | Lair:1   | Entered Level 1 of the Lair of Beasts
 20257 | Lair:1   | Noticed an eight-headed hydra
 20280 | Lair:1   | Killed a 16-headed hydra
 20423 | Lair:1   | Reached skill level 12 in Fighting
 20427 | Lair:1   | Gained mutation: You are in touch with the powers of death. [Mummy growth]
 20427 | Lair:1   | Reached XP level 13. HP: 108/108 MP: 16/16
 20503 | Lair:1   | Found a snail-covered altar of Cheibriados.
 20743 | Lair:1   | Reached skill level 5 in Evocations
 22036 | Lair:2   | Found a staircase to the Swamp.
 22441 | Lair:2   | Noticed Sonja
 22451 | Lair:2   | Killed Sonja
 22819 | Lair:3   | Found a staircase to the Snake Pit.
 24721 | Lair:4   | Reached skill level 10 in Evocations
 24865 | Lair:4   | Noticed Nergalle
 24878 | Lair:4   | Killed Nergalle
 25127 | Lair:4   | Reached XP level 14. HP: 115/115 MP: 21/21
 26146 | Lair:5   | Found a staircase to the Slime Pits.
 26146 | Lair:5   | Found a viscous altar of Jiyva.
 26848 | Lair:6   | Entered Level 6 of the Lair of Beasts
 26976 | Lair:6   | Reached skill level 13 in Fighting
 28274 | Lair:6   | HP: 4/118 [15-headed hydra (5)]
 28274 | Lair:6   | HP: 1/118 [15-headed hydra (3)]
 29138 | Lair:1   | Bought a smoking halberd for 252 gold pieces
 29138 | Lair:1   | Bought a glowing scythe for 252 gold pieces
 29143 | Lair:1   | Identified the +9 halberd of Keqod {protect, rF+ Int+2} (You bought it in a shop on level 1 of the Lair of Beasts)
 29546 | D:12     | Noticed Erolcha
 29561 | D:12     | Killed Erolcha
 29929 | D:12     | Got a transparent short sword
 30198 | D:13     | Reached XP level 15. HP: 123/123 MP: 22/22
 30468 | D:13     | Found Keto Dua's Food Shop.
 30860 | D:14     | Noticed Louise
 30873 | D:14     | Killed Louise
 31703 | D:14     | Reached skill level 14 in Fighting
 31833 | D:14     | Found a gate to the Vaults.
 32736 | D:14     | Noticed a storm dragon
 32737 | D:14     | Noticed a storm dragon
 32742 | D:14     | Identified the Compendium of Protection and Shape Shifting
 32885 | D:14     | Killed a storm dragon
 32901 | D:14     | Killed a storm dragon
 32904 | D:14     | Mangled by an ettin

Skill      XL: |  1  2  3  4  5  6  7  8  9 10 11 12 13 14 15 |
---------------+----------------------------------------------+-----
Fighting       | 2 3 7 8 10 12 13 14 | 14.0
Polearms       | 1 4 5 7 8 10 11 12 | 12.1
Armour         | 3 4 5 9 10 11 | 11.0
Evocations     | 3 4 10 11 | 11.0
Dodging        | 2 |  2.1
Hexes          | 4 6 8 |  8.0
Short Blades   | |  0.7
Stealth        | |  0.7

Action                   |  1- 3 |  4- 6 |  7- 9 | 10-12 | 13-15 || total
-------------------------+-------+-------+-------+-------+-------++-------
Melee: Short sword       |   103 |       |       |       |       ||   103
       Spear             |    69 |    63 |   677 |   516 |       ||  1325
       Halberd           |       |       |       |   388 |  1892 ||  2280
       Trident           |       |       |       |   702 |   200 ||   902
 Fire: Blowgun           |       |       |       |     6 |     4 ||    10
Throw: Stone             |    33 |     3 |    10 |     1 |       ||    47
       Tomahawk          |       |       |    14 |    36 |       ||    50
 Cast: Confuse           |       |       |       |     2 |    17 ||    19
Invok: Potion Petition   |       |       |       |     5 |     3 ||     8
       Call Merchant     |       |       |       |     1 |     2 ||     3
 Abil: Evoke Flight      |       |       |       |     4 |     1 ||     5
Evoke: Wand              |       |     3 |     7 |    31 |    82 ||   123
       Lamp of fire      |       |       |       |     2 |     4 ||     6
  Use: Scroll            |       |     4 |     7 |    15 |     8 ||    34
 Stab: Sleeping          |     1 |       |       |       |       ||     1
       Distracted        |       |       |     3 |     4 |    15 ||    22
       Invisible         |       |       |       |     1 |       ||     1
       Confused          |       |       |       |     1 |     2 ||     3
Armor: Leather armour    |     5 |       |       |       |       ||     5
       Chain mail        |    69 |    29 |   257 |       |       ||   355
       Scale mail        |       |       |       |   603 |  1057 ||  1660
Dodge: Dodged            |    56 |    20 |   198 |   828 |  1716 ||  2818
